Map: 世界主宰-天梯版

Players

夜蝶蝶蝶蝶蝶蝶蝶 (Firefly)

  • Race: Protoss Protoss

TIME (Oliveira) - Winner!

  • Race: Terran Terran

Event: DreamHack SC2 Masters 2021 Summer

VOD

Have the link to the VOD?

Description

Time

  • Played on: May 26, 2021, 8:36 a.m.
  • Length: 17:20

All games in this series

Show
View Real Time Build Order
Export as new Build Order

夜蝶蝶蝶蝶蝶蝶蝶 Protoss 

Build Orders: 1 Gate Expand, Blink Stalkers 

Get SALT Encoding   

  12  0:00  Probe  
  13  0:12  Probe  
  14  0:17  Pylon  
  14  0:24  Probe  
  15  0:35  Gateway  
  15  0:38  Probe (Chrono Boost)  
  16  0:48  Probe (Chrono Boost), Assimilator  
  17  0:53  Probe (Chrono Boost)  
  19  1:04  Probe  
  19  1:16  Probe  
  20  1:25  Cybernetics Core  
  20  1:34  Nexus  
  20  1:40  Pylon  
  20  1:44  Probe  
  21  1:50  Assimilator  
  21  1:56  Probe  
  21  1:58  Stalker (Chrono Boost)  
  24  2:05  Warp Gate  
  24  2:08  Probe  
  25  2:16  Shield Battery  
  25  2:20  Probe  
  25  2:21  Stalker (Chrono Boost)  
  28  2:33  Probe  
  29  2:40  Twilight Council  
  29  2:45  Probe  
  29  2:47  Adept  
  32  2:54  Probe  
  33  3:02  Probe  
  33  3:09  Probe (Chrono Boost)  
  33  3:11  Blink (Chrono Boost)  
  34  3:14  Probe (Chrono Boost)  
  36  3:21  Probe (Chrono Boost)  
  36  3:23  Probe (Chrono Boost)  
  36  3:26  Probe (Chrono Boost), Gateway  
  37  3:28  Probe (Chrono Boost)  
  37  3:33  Pylon  
  39  3:35  Probe  
  39  3:40  Probe  
  41  3:47  Probe, Robotics Facility  
  42  3:54  Probe  
  43  4:00  Probe  
  44  4:04  Nexus  
  44  4:06  Probe  
  45  4:11  Stalker  
  45  4:13  Probe  
  45  4:15  Shield Battery  
  48  4:20  Shield Battery  
  47  4:26  Stalker  
  47  4:27  Probe  
  47  4:28  Probe  
  47  4:30  Assimilator  
  50  4:32  Pylon  
  50  4:34  Observer  
  50  4:37  Stalker  
  53  4:44  Probe  
  54  4:50  Probe  
  55  4:52  Pylon  
  55  4:54  Pylon  
  55  4:55  Stalker  
  55  4:58  Observer, Probe  
  59  5:00  Stalker  
  59  5:02  Probe  
  59  5:07  Forge  
  62  5:19  Probe x2  
  59  5:23  Stalker  
  59  5:24  Stalker  
  59  5:25  Probe  
  61  5:31  Probe x2  
  63  5:37  Probe  
  63  5:40  Forge  
  63  5:42  Charge  
  64  5:43  Probe x2  
  64  5:44  Protoss Ground Weapons Level 1 (Chrono Boost)  
  64  5:47  Stalker x2  
  70  5:51  Probe  
  70  5:54  Observer  
  71  5:57  Pylon  
  71  5:58  Probe, Pylon  
  71  5:59  Probe, Pylon  
  71  6:03  Probe  
  74  6:06  Protoss Ground Armor Level 1 (Chrono Boost)  
  74  6:07  Gateway  
  74  6:09  Gateway  
  74  6:10  Probe  
  75  6:12  Sentry  
  77  6:20  Gateway x2  
  77  6:23  Gateway  
  77  6:30  Sentry  
  77  6:31  Probe x2  
  81  6:33  Shield Battery  
  81  6:44  Warp Prism (Chrono Boost), Stalker  
  83  6:47  Pylon x2  
  85  6:54  Sentry  
  85  6:58  Pylon  
  85  7:01  Pylon  
  87  7:03  Zealot  
  87  7:05  Zealot  
  87  7:06  Pylon  
  91  7:13  Stalker  
  87  7:23  Stalker x4  
  87  7:24  Stalker  
  87  7:26  Zealot  
  99  7:35  Pylon  
  99  7:37  Immortal (Chrono Boost)  
  103  7:45  Zealot  
  103  7:46  Zealot x2  
  103  7:47  Zealot x2  
  113  7:56  Gateway  
  113  7:59  Zealot x2  
  113  8:01  Probe x3  
  113  8:02  Nexus  
  113  8:04  Assimilator  
  113  8:05  Pylon  
  120  8:07  Dark Shrine  
  120  8:08  Assimilator  
  120  8:15  Zealot x5  
  122  8:35  Protoss Ground Weapons Level 2 (Chrono Boost), Protoss Ground Armor Level 2 (Chrono Boost)  
  122  8:38  Zealot x5  
  122  8:39  Zealot x2  
  94  8:59  Stalker x5  
  94  9:01  Probe  
  94  9:02  Probe x2  
  107  9:09  Immortal (Chrono Boost)  
  107  9:12  Zealot x3  
  117  9:21  Probe x3  
  118  9:43  Immortal (Chrono Boost), Dark Templar x2  
  118  9:44  Zealot x6  
  126  10:12  Zealot x6  
  136  10:15  Gateway  
  136  10:16  Observer  
  136  10:18  Shadow Stride (Chrono Boost)  
  136  10:20  Dark Templar x2, Assimilator  
  136  10:21  Gateway, Pylon  
  136  10:24  Warp Prism (Chrono Boost)  
  136  10:26  Probe x3  
  138  10:28  Pylon  
  138  10:29  Photon Cannon  
  138  10:31  Shield Battery  
  137  10:38  Zealot  
  137  10:39  Zealot x5  
  149  10:52  Immortal (Chrono Boost)  
  153  11:02  Zealot x2  
  153  11:03  Zealot x5  
  147  11:15  Stalker x2  
  141  11:22  Stalker x2  
  141  11:23  Stalker x2  
  141  11:24  Zealot x4  
  141  11:29  Protoss Ground Weapons Level 3 (Chrono Boost)  
  141  11:32  Immortal  
  143  11:47  Dark Templar x3  
  143  11:48  Dark Templar x3  
  155  11:58  Zealot x3, Dark Templar  
  151  12:15  Probe x4  
  153  12:17  Photon Cannon  
  153  12:27  Dark Templar x4  
  149  12:30  Zealot x5  
  157  12:46  Nexus  
  157  12:48  Probe x3  
  157  12:49  Probe  
  161  12:55  Dark Templar  
  161  13:04  Pylon  
  161  13:05  Probe x3  
  164  13:06  Assimilator  
  164  13:22  Zealot  
  164  13:23  Zealot x7  
  178  13:46  Dark Templar x5  
  188  13:49  Zealot  
  186  13:58  Dark Templar x3  
  186  13:59  Dark Templar  
  177  14:13  Pylon  
  177  14:15  Pylon  
  145  14:29  Pylon  
  145  14:31  Pylon x2  
  142  14:35  Pylon  
  83  15:02  Dark Templar x2  
  83  15:12  Nexus  
  82  15:39  Nexus  
  82  15:42  Pylon  
  78  16:05  Observer  
  78  16:11  Nexus  
Show
View Real Time Build Order
Export as new Build Order

TIME Terran - Winner!

Build Orders:  

Get SALT Encoding   

  12  0:00  SCV  
  13  0:12  SCV  
  14  0:17  Supply Depot  
  14  0:24  SCV  
  15  0:38  SCV  
  15  0:39  Barracks  
  16  0:43  Refinery  
  16  0:51  SCV  
  17  1:03  SCV  
  18  1:15  SCV  
  19  1:27  Orbital Command, Marine  
  20  1:45  Barracks Reactor  
  20  1:47  Command Center  
  20  1:54  SCV  
  21  2:06  SCV, Barracks  
  22  2:12  Supply Depot  
  22  2:18  SCV  
  23  2:22  Barracks  
  23  2:33  Marine x2  
  23  2:34  SCV  
  26  2:46  SCV  
  27  2:53  Marine x2  
  27  2:55  Barracks Tech Lab  
  27  2:58  SCV  
  29  3:09  Orbital Command  
  29  3:11  Barracks Tech Lab, Marine, Reaper  
  31  3:14  Marauder, Concussive Shells  
  31  3:18  SCV  
  34  3:26  Supply Depot  
  34  3:29  Stimpack  
  34  3:32  Marauder  
  37  3:37  Marauder  
  37  3:40  SCV x2  
  41  3:44  Marine  
  41  3:50  Supply Depot  
  41  3:52  SCV  
  41  3:55  SCV  
  42  3:57  Marine  
  42  3:58  Marauder  
  42  3:59  Marine  
  46  4:05  SCV  
  46  4:08  Marine  
  48  4:10  Combat Shield  
  48  4:12  SCV  
  48  4:14  Supply Depot  
  48  4:15  Marine  
  51  4:17  SCV  
  51  4:21  Engineering Bay, Marine x2  
  53  4:25  SCV  
  53  4:27  Marine  
  53  4:29  SCV  
  56  4:36  Marine  
  56  4:37  SCV  
  58  4:38  Supply Depot  
  58  4:41  SCV, Marine x2  
  61  4:47  Missile Turret  
  61  4:48  Marine, Missile Turret  
  61  4:49  SCV  
  61  4:52  Terran Infantry Weapons Level 1  
  63  4:54  Refinery  
  63  4:56  Refinery  
  63  4:58  Marine  
  64  5:00  SCV  
  64  5:01  SCV  
  64  5:05  Supply Depot  
  64  5:06  Marine  
  67  5:09  Marine  
  65  5:16  Marine  
  65  5:17  Marine  
  65  5:18  SCV  
  64  5:24  SCV, Marine  
  64  5:27  Marauder  
  62  5:30  SCV  
  62  5:34  Marine  
  55  5:36  SCV, Marauder  
  55  5:41  Bunker, Factory  
  55  5:42  SCV, Marine  
  59  5:43  Refinery  
  59  5:48  SCV  
  61  5:51  Marauder, Supply Depot  
  61  5:54  Marine  
  61  5:55  SCV  
  65  5:57  Marauder  
  65  6:01  SCV  
  68  6:04  Marine  
  68  6:07  SCV  
  70  6:12  Marine x2  
  70  6:13  SCV  
  70  6:15  Command Center  
  73  6:19  Marauder  
  73  6:20  SCV  
  73  6:22  Marine  
  73  6:25  Starport, Factory Reactor  
  77  6:28  SCV  
  77  6:31  Marauder  
  77  6:32  Marine  
  81  6:39  SCV  
  82  6:40  SCV, Marauder  
  82  6:41  Marine  
  82  6:45  Barracks  
  82  6:46  Supply Depot  
  86  6:47  Terran Infantry Armor Level 1  
  86  6:48  Barracks  
  86  6:51  SCV, Supply Depot  
  86  6:52  SCV  
  88  6:56  Marauder, Marine  
  91  7:03  SCV  
  91  7:04  SCV  
  91  7:07  Factory Reactor  
  93  7:14  Marine  
  93  7:15  Marauder, Medivac  
  98  7:20  Medivac  
  98  7:22  Marauder, Marine  
  103  7:23  SCV x2  
  103  7:29  Supply Depot  
  105  7:31  Supply Depot  
  105  7:34  Barracks Reactor  
  105  7:35  Barracks Tech Lab, Armory, Engineering Bay  
  105  7:37  SCV x2  
  105  7:38  Marauder, Marine  
  105  7:39  Missile Turret  
  105  7:43  Marine  
  111  7:46  Widow Mine x2  
  115  7:51  Orbital Command  
  115  7:52  SCV x2  
  115  7:53  Marine x2  
  118  7:58  Medivac x2  
  118  8:01  Marine  
  118  8:04  SCV, Marine  
  125  8:06  Marine  
  125  8:11  Marauder, Marine  
  127  8:14  Widow Mine  
  127  8:17  Marine x2  
  125  8:20  Marine  
  125  8:23  Marine  
  125  8:24  Terran Infantry Weapons Level 2, Marauder  
  122  8:29  Marauder  
  122  8:32  Marine  
  125  8:35  Marine x2, Medivac  
  125  8:36  Widow Mine, Medivac  
  126  8:41  Marine x2  
  126  8:45  Marauder  
  104  8:50  Marine  
  104  8:51  Marauder  
  104  8:52  Widow Mine  
  104  8:53  SCV x2, Marine x2  
  106  8:59  Widow Mine, Marine x2  
  106  9:00  SCV  
  111  9:05  Terran Infantry Armor Level 2, SCV  
  111  9:07  Marauder, Medivac  
  111  9:08  Marine  
  117  9:11  Marine  
  117  9:14  Marauder, Marine  
  121  9:17  Marine, Medivac  
  121  9:19  Widow Mine, Marine  
  121  9:23  SCV x3, Supply Depot  
  130  9:28  Widow Mine  
  130  9:30  Marine x2  
  134  9:35  SCV x2  
  134  9:38  Marauder, Marine x2  
  139  9:41  SCV, Marine  
  139  9:47  SCV, Marine  
  139  9:51  SCV  
  138  9:54  Marine  
  138  9:55  Marauder, Marine  
  138  9:58  Marine  
  138  9:59  Marine  
  138  10:00  Widow Mine x2, Marauder, Medivac x2  
  134  10:11  SCV x2, Missile Turret  
  134  10:13  Supply Depot  
  127  10:14  SCV  
  127  10:16  Marine x2  
  127  10:17  Marauder  
  127  10:19  Marine x2  
  133  10:25  Widow Mine x2  
  133  10:27  SCV  
  137  10:29  Marine  
  137  10:30  Marine  
  137  10:34  SCV  
  137  10:35  SCV  
  141  10:37  Marine  
  141  10:38  Marine  
  141  10:40  Marine  
  141  10:42  Marine  
  145  10:45  SCV  
  145  10:47  Marine  
  146  10:50  Supply Depot  
  146  10:55  SCV  
  135  11:07  Marine  
  135  11:08  Marauder  
  135  11:11  SCV x2  
  135  11:13  Marine x2  
  135  11:14  Marauder  
  135  11:15  Widow Mine  
  133  11:21  Marine x2  
  133  11:25  Marine  
  128  11:27  SCV  
  130  11:35  Marine x2  
  130  11:37  SCV  
  131  11:40  SCV  
  131  11:43  Marine  
  131  11:45  Widow Mine x2  
  137  11:47  SCV  
  137  11:51  Marine  
  137  11:53  Ghost Academy  
  137  12:01  Marine  
  136  12:02  SCV, Marine x2  
  136  12:05  Marine x2  
  136  12:06  SCV  
  138  12:10  Marine  
  138  12:13  Medivac  
  138  12:14  Widow Mine, SCV  
  138  12:15  SCV  
  141  12:18  SCV  
  137  12:28  Ghost  
  135  12:31  Ghost  
  135  12:35  Marine  
  140  12:38  Marine  
  140  12:40  SCV  
  140  12:42  Missile Turret  
  140  12:43  SCV  
  141  12:44  SCV  
  141  12:45  Marine  
  141  12:48  Marine  
  141  12:50  Widow Mine  
  141  12:51  Marine  
  143  12:52  SCV  
  143  12:53  Marine  
  143  12:55  SCV  
  143  12:57  SCV  
  145  12:59  Marine  
  145  13:04  SCV  
  147  13:06  Widow Mine, Marine x2  
  147  13:07  SCV  
  147  13:10  Marine x2  
  147  13:12  Marine  
  153  13:20  Marine  
  153  13:25  Liberator  
  158  13:28  Marauder  
  158  13:29  Liberator  
  158  13:31  Marine  
  165  13:34  Marauder  
  165  13:35  Supply Depot  
  165  13:42  Marine x2  
  165  13:45  Marauder  
  158  13:48  Marine  
  158  13:49  Marauder, Marine  
  161  13:58  Marine  
  161  14:00  Marine  
  160  14:06  Marauder  
  140  14:14  Marine x2  
  140  14:15  Marauder  
Tags
 
Add a new tag
Caveats
  • Supply blocks, unpowered buildings, or Contaminate may cause inaccurate times.
  • Supply counts are checked every 10 seconds.